 Dungeon Sprint DCSS version 0.30-a0-458-g86641cc369 (webtiles) character file.

Game seed: 8215644722283220425

19986 rocky1 the Severer (level 12, -5/168 HPs)
             Began as an Ogre Gladiator on Dec 14, 2022.
             Was the Champion of Cheibriados.
             Killed from afar by a fire dragon (48 damage)
             ... with a blast of flame
             ... in the Dungeon (Sprint VII: "The Pits").
             The game lasted 00:11:28 (3877 turns).

rocky1 the Severer (Ogre Gladiator)                 Turns: 3877, Time: 00:11:30

Health: -5/168     AC:  5    Str: 39    XL:     12   Next: 74%
Magic:  4/23       EV: 27    Int: 24    God:    Cheibriados [******]
Gold:   42         SH:  0    Dex: 29    Spells: 21/21 levels left

rFire   . . .      SeeInvis .    v - +2 dire flail (holy)
rCold   . . .      Faith    .    (shield currently unavailable)
rNeg    . . .      Spirit   .    n - +2 robe
rPois   .          Reflect  .    c - +0 hat
rElec   .          Harm     .    (no cloak)
rCorr   .          Rampage  .    (gloves unavailable)
Will    +....      NoTele   +    (boots unavailable)
Stlth   ++........               (no amulet)
HPRegen 0.48/turn                r - +3 ring of evasion
MPRegen 0.18/turn                s - +3 ring of intelligence

@: very slow
A: large, unfitting armour, tough skin 1, agile 1, dopey 1, robust 1
a: Renounce Religion, Bend Time, Temporal Distortion, Slouch, Step From Time


You were in the Dungeon.
You worshipped Cheibriados.
Cheibriados was exalted by your worship.
You visited 1 branch You collected 42 gold pieces.

Inventory:

Hand Weapons
 a - a +0 war axe
 h - a +1 broad axe of distortion
 o - a +2 hand axe of freezing
 q - a +0 giant spiked club
 v - a +2 dire flail of holy wrath (weapon)
 C - the +12 flail of Xom's Regard {antimagic, rElec rC+ Will+ Int+3}
   (You found it in the Dungeon)

   It reduces the magical energy of the wielder, and disrupts the spells and
   magical abilities of those it strikes.
   Natural abilities and divine invocations are not affected.
   Int:       It affects your intelligence (+3).
   rC:        It protects you from cold.
   rElec:     It insulates you from electricity.
   Will:      It increases your willpower.
Missiles
 d - 2 throwing nets (quivered)
 e - a large rock
 l - 5 javelins
 p - 3 boomerangs of dispersal
 w - 5 curare-tipped darts
Armour
 b - a +0 robe
 c - a +0 hat (worn)
 n - a +2 robe (worn)
Jewellery
 r - a +3 ring of evasion (left hand)
 s - a +3 ring of intelligence (right hand)
 y - a ring of ice
 A - a +4 ring of evasion
 B - a ring of positive energy
Scrolls
 k - a scroll of blinking
 m - 5 scrolls of amnesia
 x - 5 scrolls of identify
 D - 4 scrolls of enchant weapon
Potions
 f - 6 potions of curing
 g - 9 potions of heal wounds
 i - 2 potions of magic
 j - 4 potions of berserk rage
 t - 4 potions of might
 u - 2 potions of mutation
 z - a potion of flight


   Skills:
 + Level 18.9 Fighting
 - Level 19.3(19.8) Axes
 * Level 6.6(13.3) Maces & Flails
 - Level 2.0 Throwing
 + Level 13.9 Dodging
 + Level 5.4 Spellcasting
 + Level 15.2 Invocations


You had 21 spell levels left.
You didn't know any spells.
Your spell library was empty.

Dungeon Overview and Level Annotations

Branches:
Dungeon (1/1)

Altars:
Ashenzari
Cheibriados
Dithmenos
Elyvilon
Fedhas
Gozag
Hepliaklqana
Kikubaaqudgha
Makhleb
Nemelex Xobeh
Okawaru
Qazlal
Ru
Sif Muna
Trog
Uskayaw
Vehumet
Wu Jian
Xom
Yredelemnul
Zin
The Shining One
Jiyva
Lugonu


Innate Abilities, Weirdness & Mutations

You are too large for most types of armour.
You have tough skin. (AC +1)
You are agile. (Dex +4, Str/Int -1)
You are dopey. (Int -2)
You are robust. (+10% HP)


Message History

The death knight is heavily wounded.
You hit the death knight.
The death knight is heavily wounded.
The death knight closely misses you.
The deep elf knight casts a spell.
The deep elf knight seems to speed up.
You closely miss the death knight.
The death knight is heavily wounded.
The death knight hits you with a +4 battleaxe!!
Unknown command.
Activating: Slouch (0% risk of failure)
Press: ? - help, Dir - look around, f - activate You can feel time thicken for a moment.
You kill the deep elf knight!
Cheibriados appreciates the change of pace.
The death knight offers itself to Yredelemnul, and fills with unholy energy.
Your Spellcasting skill increases to level 5!
Unknown command.
Activating: Slouch (0% risk of failure)
Press: ? - help, Dir - look around, f - activate You can feel time thicken for a moment.
You kill the deep elf pyromancer!
Cheibriados appreciates the change of pace.
The death knight reflects your damage back at you!
The death knight hits you with a +4 battleaxe!
You barely miss the death knight.
The death knight is almost dead.
You barely miss the death knight.
The death knight is almost dead.
The death knight invokes the aid of Yredelemnul against you.
Your body is wracked with pain!
* * * LOW HITPOINT WARNING * * *
You puncture the death knight!
You kill the death knight!
Cheibriados appreciates the change of pace.
Your damage is reflected back at you!
* * * LOW HITPOINT WARNING * * *
The fire dragon breathes flames at you. The blast of flame hits you!!!
You die...

#..#....#..#
+..........#
+..........#
#..#....#..#
#..........+
#..........+
###''####''#
###''####''#########
#..@...##...........
#.#)##.##.......)...
#.#D) .##..#########
# ').# ##..# #))'
#..# #++##########
+:)#. #..#
........##..# ##+#.
#..# .#......##..#
##..# ........''..#
#..#


You could see a fire dragon (catching breath).

Vanquished Creatures
  A minotaur (D)
  A mummy priest (D)
  Harold (D)
  A death knight (D)
  A two-headed ogre (D)
  2 orc high priests (D)
  A death yak (D)
  2 deep elf knights (D)
  Sonja (D)
  A shadow wraith (D)
  3 orc knights (D)
  A deep elf zephyrmancer (D)
  2 orc sorcerers (D)
  2 deep elf pyromancers (D)
  A smoke demon (D)
  A cane toad (shapeshifter) (D)
  2 kobold demonologists (D)
  A rime drake (D)
  Psyche (D)
  A freezing wraith (D)
  An unseen horror (D)
  An ice devil (D)
  A guardian mummy (D)
  2 red devils (D)
  A tyrant leech (D)
  2 hornets (D)
  7 blink frogs (D)
  A snapping turtle (D)
  A wraith (D)
  2 ynoxinuls (D)
  2 jumping spiders (D)
  2 wyverns (D)
  A fire elemental (D)
  A fire bat (D)
  2 redbacks (D)
  A basilisk (D)
  A vampire mosquito (D)
  A chaos spawn (D)
  7 wargs (D)
  2 acid dragons (D)
  A water moccasin (D)
  2 floating eyes (D)
  5 orc warriors (D)
  3 ogres (D)
  2 centaurs (D)
  A phantom (D)
  A kobold brigand (D)
  A gnoll sergeant (D)
  A scorpion (D)
  A crimson imp (D)
  A hound (D)
  A jelly (D)
  A gnoll bouda (D)
  2 orc priests (D)
  3 orc wizards (D)
  A mummy (D)
  8 gnolls (D)
  19 orcs (D)
  A ball python (D)
  An endoplasm (D)
  3 hobgoblins (D)
  3 jackals (D)
  2 kobolds (D)
  A ball python skeleton (D)
  A bat (D)
  A frilled lizard (D)
133 creatures vanquished.

Notes
Turn   | Place    | Note
-------+----------+-------------------------------------------
     0 | D        | rocky1 the Ogre Gladiator began the quest for the Orb.
     0 | D        | Reached XP level 1. HP: 22/22 MP: 1/1
    53 | D        | Found a bloodstained altar of Trog.
    53 | D        | Found a shimmering blue altar of Sif Muna.
    53 | D        | Found a viscous altar of Jiyva.
    53 | D        | Found a hazy altar of Hepliaklqana.
    53 | D        | Found an opulent altar of Gozag.
    54 | D        | Found a glowing golden altar of the Shining One.
    54 | D        | Found a glowing silver altar of Zin.
    54 | D        | Found a basalt altar of Yredelemnul.
    54 | D        | Found a shimmering altar of Xom.
    54 | D        | Found an ornate altar of the Wu Jian Council.
    54 | D        | Found a sacrificial altar of Ru.
    54 | D        | Found a stormy altar of Qazlal.
    54 | D        | Found an iron altar of Okawaru.
    54 | D        | Found a sparkling altar of Nemelex Xobeh.
    54 | D        | Found a burning altar of Makhleb.
    54 | D        | Found a blossoming altar of Fedhas.
    54 | D        | Found a white marble altar of Elyvilon.
    54 | D        | Found a shadowy altar of Dithmenos.
    54 | D        | Found a snail-covered altar of Cheibriados.
    57 | D        | Found a corrupted altar of Lugonu.
    57 | D        | Found a radiant altar of Vehumet.
    58 | D        | Found an ancient bone altar of Kikubaaqudgha.
    58 | D        | Found a hide-covered altar of Uskayaw.
    58 | D        | Found a broken altar of Ashenzari.
    65 | D        | Became a worshipper of Cheibriados the Contemplative
    99 | D        | Noticed a floating eye
   104 | D        | Reached skill level 4 in Axes
   104 | D        | Reached XP level 2. HP: 13/32 MP: 2/2
   108 | D        | Paralysed by a floating eye for 2 turns
   113 | D        | Killed a floating eye
   113 | D        | Reached * piety under Cheibriados
   114 | D        | Reached skill level 7 in Axes
   114 | D        | Reached XP level 3. HP: 23/45 MP: 3/3
   114 | D        | Reached XP level 4. HP: 28/53 MP: 4/4
   310 | D        | Reached ** piety under Cheibriados
   311 | D        | Reached skill level 5 in Dodging
   324 | D        | Noticed a gnoll sergeant
   331 | D        | Reached *** piety under Cheibriados
   332 | D        | Reached XP level 5. HP: 35/61 MP: 5/5
   334 | D        | Reached skill level 1 in Invocations
   340 | D        | Reached **** piety under Cheibriados
   346 | D        | Noticed a floating eye
   350 | D        | Paralysed by a floating eye for 4 turns
   355 | D        | Killed a floating eye
   356 | D        | Reached skill level 9 in Axes
   356 | D        | Reached XP level 6. HP: 37/72 MP: 6/8
   561 | D        | Noticed a warg
   562 | D        | Noticed a fire bat
   565 | D        | Killed a fire bat
   565 | D        | Reached ***** piety under Cheibriados
   565 | D        | Reached ****** piety under Cheibriados
   566 | D        | Reached skill level 10 in Fighting
   566 | D        | Reached skill level 11 in Axes
   566 | D        | Reached XP level 7. HP: 85/85 MP: 4/11
   575 | D        | Killed a warg
   723 | D        | Reached XP level 8. HP: 83/96 MP: 13/13
   760 | D        | Noticed a snapping turtle
   772 | D        | Killed a snapping turtle
   773 | D        | Reached skill level 12 in Axes
   915 | D        | Noticed an orc knight
   918 | D        | Reached skill level 13 in Axes
   928 | D        | Killed an orc knight
   929 | D        | Reached XP level 9. HP: 38/107 MP: 4/15
  1293 | D        | Noticed a hornet
  1300 | D        | Killed a hornet
  1301 | D        | Reached skill level 14 in Axes
  1433 | D        | Noticed a red devil
  1436 | D        | Killed a red devil
  1437 | D        | Reached skill level 10 in Dodging
  1437 | D        | Reached skill level 10 in Invocations
  1591 | D        | Noticed a kobold demonologist
  1591 | D        | Noticed a hornet
  1593 | D        | Noticed a deep elf pyromancer
  1593 | D        | Noticed a two-headed ogre
  1599 | D        | Noticed a kobold demonologist
  1600 | D        | Noticed a sun demon
  1600 | D        | Noticed a smoke demon
  1601 | D        | Noticed a rust devil
  1601 | D        | Killed a deep elf pyromancer
  1602 | D        | Reached skill level 15 in Axes
  1602 | D        | Reached XP level 10. HP: 79/120 MP: 11/17
  1603 | D        | Killed a kobold demonologist
  1603 | D        | Killed a two-headed ogre
  1603 | D        | Killed a kobold demonologist
  1604 | D        | Reached skill level 16 in Axes
  1676 | D        | Noticed a death yak
  1683 | D        | Killed a death yak
  1684 | D        | Reached skill level 15 in Fighting
  1916 | D        | Noticed an orc high priest
  1918 | D        | Reached XP level 11. HP: 133/133 MP: 13/20
  1923 | D        | Killed an orc high priest
  1924 | D        | Reached skill level 17 in Axes
  1987 | D        | Noticed a mummy priest
  1998 | D        | Killed a mummy priest
  2002 | D        | Noticed an orc knight
  2002 | D        | Noticed an orc sorcerer
  2006 | D        | Killed an orc sorcerer
  2015 | D        | Killed an orc knight
  2016 | D        | Reached skill level 18 in Axes
  2029 | D        | Noticed Harold
  2038 | D        | Killed Harold
  2229 | D        | Noticed Sonja
  2243 | D        | Killed Sonja
  2275 | D        | Noticed a moth of wrath
  2275 | D        | a moth of wrath changed into an eye of devastation
  2275 | D        | Noticed an orc high priest
  2280 | D        | Killed a shadow wraith
  2288 | D        | Reached skill level 19 in Axes
  2288 | D        | Reached XP level 12. HP: 121/148 MP: 13/22
  2291 | D        | Noticed a soul eater
  2291 | D        | Killed an orc high priest
  2608 | D        | Got the +12 flail of Xom's Regard {antimagic, rElec rC+
                  | Will+ Int+3}
  2660 | D        | Gained mutation: Armour fits poorly on your strangely
                  | shaped body. [mutagenic glow]
  2669 | D        | Gained mutation: You have hidden genetic defects.
                  | [mutagenic glow]
  2726 | D        | Lost mutation: You have hidden genetic defects. [potion of
                  | mutation]
  2726 | D        | Lost mutation: Armour fits poorly on your strangely shaped
                  | body. [potion of mutation]
  2726 | D        | Gained mutation: You are dopey. (Int -2) [potion of
                  | mutation]
  2726 | D        | Gained mutation: You are agile. (Dex +4, Str/Int -1)
                  | [potion of mutation]
  2726 | D        | Gained mutation: You are robust. (+10% HP) [potion of
                  | mutation]
  2782 | D        | Reached skill level 1 in Maces & Flails
  2785 | D        | Noticed a soul eater
  2786 | D        | Reached skill level 1 in Spellcasting
  2786 | D        | Noticed a minotaur
  2806 | D        | Killed a minotaur
  2818 | D        | HP: 5/165 [orc knight/+0 halberd (25)]
  3356 | D        | Noticed Psyche
  3366 | D        | Killed Psyche
  3623 | D        | Reached skill level 5 in Maces & Flails
  3866 | D        | Noticed a fire dragon
  3866 | D        | Noticed a death knight
  3866 | D        | Noticed a deep elf knight
  3866 | D        | Noticed a deep elf knight
  3869 | D        | Killed a deep elf knight
  3870 | D        | Reached skill level 15 in Invocations
  3873 | D        | Killed a deep elf knight
  3874 | D        | Reached skill level 5 in Spellcasting
  3877 | D        | Killed a death knight
  3877 | D        | Killed from afar by a fire dragon

Illustrated notes

Levels and vault maps discovered:
D:        pitsprint [storerooms_1, entrance_room_1, metal_vault_8, armoury_2,
          mini_pit_1, grid_room_1, main_hall_1, silver_pit, the_coven_2,
          the_vestibule_1, steel_vault_4, golden_pit, hallway_of_sentries,
          crystal_vault_1, iron_vault_5, final_vault]

Skill      XL: |  1  2  3  4  5  6  7  8  9 10 11 12 |
---------------+-------------------------------------+-----
Fighting       | 3 6 8 10 12 13 15 17 18 | 18.9
Axes           | 4 7 9 11 13 15 16 19 | 19.3
Dodging        | 3 4 5 6 7 9 10 11 12 13 | 13.9
Invocations    | 3 6 7 9 10 12 14 15 | 15.2
Maces & Flails | 6 |  6.6
Spellcasting   | 5 |  5.4
Throwing       | |  2.0

Action                   |  1- 3 |  4- 6 |  7- 9 | 10-12 || total
-------------------------+-------+-------+-------+-------++-------
Melee: War axe           |    16 |    25 |       |       ||    41
       Hand axe          |       |       |    47 |       ||    47
       Broad axe         |       |       |    24 |    68 ||    92
       Punch             |       |       |     1 |       ||     1
       Flail             |       |       |       |    54 ||    54
       Dire flail        |       |       |       |     6 ||     6
Throw: Throwing net      |       |       |     1 |     4 ||     5
Invok: Slouch            |       |     1 |     6 |    18 ||    25
  Use: Potion            |       |     2 |       |    12 ||    14
       Scroll            |       |       |       |     3 ||     3
 Stab: Invisible         |       |     3 |       |     1 ||     4
       Held in net/web   |       |       |     3 |       ||     3
       Sleeping          |       |       |       |     1 ||     1
Armor: Robe              |     2 |     5 |     2 |     6 ||    15
Dodge: Dodged            |     4 |    14 |    50 |   138 ||   206

Table legend: (Time is in decaauts)
 A = Elapsed time spent in this place.
 B = Non-inter-level travel time spent in this place.
 C = Inter-level travel time spent in this place.
 D = Time resting spent in this place.
 E = Time spent auto-exploring this place.
 F = Levels seen in this place.
 G = Mean time per level.
                   A        B        C        D        E       F      G
               +--------+--------+--------+--------+--------+-----+--------+
         Total |   4536 |   4405 |    131 |   2734 |      0 |   1 | 4536.0 |
       Dungeon |   4536 |   4405 |    131 |   2734 |      0 |   1 | 4536.0 |
               +--------+--------+--------+--------+--------+-----+--------+

Top non-repeatable levels by time:
       D: 4536 daAuts
